AoeStats
← wxm

Arabia

509617542Analyzed
1v1 RM · 5d ago on Sep 27, 2026· 49m 33s· 2 players
Game mode
Random Map
Map size
Tiny (2 player)
Population
200
Speed
Normal
Resources
Standard
Victory
Conquest
Starting age
Dark Age
Ending age
Imperial Age
RankedLock teamsTeams togetherTeam positionsShared explorationLock speedFull tech treeHidden civsTurbo modeCheats
Victory
Defeat
🇨🇳 Teutons · China
361
+13
🇮🇳 Britons · India
293
-13
wxm
10:26 Feudal Age
12:44 Double-Bit Axe
14:16 Wheelbarrow
14:24 Horse Collar
18:23 Man-at-Arms
24:04 Castle Age
22:36 Forging
25:57 Iron Casting
25:13 Fletching
26:04 Hand Cart
26:19 Stone Mining
26:19 Gold Mining
26:43 Bow Saw
26:39 Heavy Plow
27:46 Scale Barding Armor
27:37 Bodkin Arrow
30:26 Long Swordsman
34:08 Squires
37:30 Imperial Age
35:33 Ironclad
37:19 Gambesons
39:33 Cavalier
43:28 Blast Furnace
43:07 Crop Rotation
43:23 Stone Shaft Mining
42:46 Town Watch
42:47 Loom
43:53 Hoardings
43:41 Crenellations
46:03 Devotion
46:24 Sanctity
46:40 Theocracy
46:06 Atonement
48:33 Guilds
48:04 Elite Teutonic Knight
49:05 Capped Ram
51:04 Chemistry
50:15 Masonry
50:28 Ballistics
karthiksandy19
14:14 Feudal Age
17:02 Horse Collar
18:43 Double-Bit Axe
18:55 Gold Mining
20:42 Wheelbarrow
20:40 Stone Mining
23:45 Man-at-Arms
29:00 Scale Mail Armor
29:40 Forging
29:36 Fletching
30:07 Padded Archer Armor
41:40 Castle Age
43:33 Hand Cart
45:33 Yeomen
45:11 Bodkin Arrow
45:32 Leather Archer Armor
44:46 Pikeman
45:42 Heavy Plow
46:37 Iron Casting
46:17 Chain Mail Armor
47:55 Murder Holes
Connection lost

Rejoining the realm…

Still unreachable

The connection could not be restored.

Session expired

The server has moved on; the page needs a fresh start.